 Dungeon Crawl Stone Soup version 0.30-a0-956-gcec3b41aec (webtiles) character file.

Game seed: 8320111674418207713

366 Shard1697 the Chopper (level 7, -1/52 HPs)
             Began as a Formicid Fighter on Mar 29, 2023.
             Was a Priest of Dithmenos.
             Slain by a black bear (8 damage)
             ... on level 4 of the Dungeon.
             The game lasted 00:03:59 (2792 turns).

Shard1697 the Chopper (Formicid Fighter)            Turns: 2792, Time: 00:03:59

Health: -1/52      AC:  8    Str: 20 (23) XL:     7   Next: 1%
Magic:  16/16      EV: 10    Int:  6 (7)  God:    Dithmenos [***...]
Gold:   188        SH:  5    Dex: 12 (15) Spells: 6/6 levels left

rFire   . . .      SeeInvis +    a - +0 war axe
rCold   . . .      Faith    .    c - +0 buckler
rNeg    + . .      Spirit   .    m - +3 leather armour of Red Salvation {rElec rN+ MP+9 Dex+2}
rPois   .          Reflect  .    (helmet unavailable)
rElec   +          Rampage  .    (no cloak)
rCorr   .                        (no gloves)
Will    .....                    j - +1 pair of boots
Stlth   ++                       (no amulet)
HPRegen 0.28/turn                (no ring)
MPRegen 0.15/turn                (no ring)

@: wreathed by umbra
A: permanent stasis, dig shafts and tunnels, antennae 3, four strong arms
a: Dig, Shaft Self, Renounce Religion, Shadow Step


You were on level 4 of the Dungeon.
You worshipped Dithmenos.
Dithmenos was most pleased with you.
You visited 1 branch of the dungeon, and saw 4 of its levels.

You collected 188 gold pieces.

Inventory:

Hand Weapons
 a - a +0 war axe (weapon)
 b - a +1 hand axe of flaming
Missiles
 o - a throwing net
Armour
 c - a +0 buckler (worn)
 j - a +1 pair of boots (worn)
 m - the +3 leather armour of Red Salvation (worn) {rElec rN+ MP+9 Dex+2}
   (You found it on level 2 of the Dungeon)

   Dex:       It affects your dexterity (+2).
   rElec:     It insulates you from electricity.
   rN:        It protects you from negative energy.
   MP:        It affects your magic capacity (+9).
Wands
 t - a wand of quicksilver (4)
Scrolls
 e - a scroll of blinking {unknown}
 f - 3 scrolls of identify {unknown}
 h - 2 scrolls of magic mapping {unknown}
 k - a scroll of immolation {unknown}
 l - a scroll of enchant weapon {unknown}
 p - a scroll of teleportation {unknown}
 q - a scroll of poison {unknown}
 r - a scroll of fear {unknown}
 s - 2 scrolls of noise {unknown}
 u - a scroll of enchant armour {unknown}
Potions
 d - a potion of might
 g - a potion of curing
 i - a potion of lignification {unknown}
 n - 2 potions of mutation {unknown}


   Skills:
 * Level 3.4 Fighting
 + Level 6.7 Axes
 - Level 3.2 Armour
 + Level 0.8 Stealth
 + Level 4.1 Shields


You had 6 spell levels left.
You didn't know any spells.
Your spell library contained the following spells:

 Spells                   Type           Power      Damage    Failure   Level
 Apportation              Tloc           0%         N/A       56%         1
 Necrotise                Necr           0%         1d4       56%         1
 Summon Small Mammal      Summ           0%         N/A       56%         1
 Ensorcelled Hibernation  Hex/Ice        0%         N/A       71%         2
 Passwall                 Tmut/Erth      0%         N/A       71%         2
 Ignite Poison            Fire/Tmut/Pois 0%         N/A       91%         3
 Olgreb's Toxic Radiance  Pois           0%         N/A       100%        4
 Sticky Flame             Conj/Fire      0%         2d3       100%        4
 Ozocubu's Refrigeration  Ice            0%         4d7       100%        7
 Ignition                 Fire           0%         3d3       100%        8
 Swiftness                Air            Unusable   N/A       N/A         3

Dungeon Overview and Level Annotations

Branches:
Dungeon (4/15)
 Temple: D:4-7

Altars:
Dithmenos
Nemelex Xobeh


Innate Abilities, Weirdness & Mutations

You cannot be hasted, slowed, berserked, paralysed or teleported.
You can dig through walls and to a lower floor.
You have a pair of large antennae on your head. (SInv)
Your four strong arms can wield two-handed weapons with a shield.


Message History

The black bear goes berserk!
You hit the black bear.
The black bear is severely wounded.
You block the black bear's attack. The black bear barely misses you.
The black bear claws you. The black bear closely misses you.
The black bear barely misses you.
The black bear claws you but does no damage.
You slash the black bear!
The black bear is almost dead.
The black bear bites you! You block the black bear's attack.
The black bear claws you but does no damage.
The black bear bites you! The black bear barely misses you.
The black bear claws you.
You hit the black bear.
The black bear is almost dead.
The black bear barely misses you.
The black bear claws you but does no damage.
The black bear misses you.
The black bear bites you but does no damage.
The black bear barely misses you. The black bear claws you.
You barely miss the black bear.
The black bear is almost dead.
The black bear bites you but does no damage.
The black bear claws you.
* * * LOW HITPOINT WARNING * * *
You block the black bear's attack.
You hit the black bear but do no damage.
The black bear is almost dead.
The black bear bites you.
* * * LOW HITPOINT WARNING * * *
The black bear claws you.
* * * LOW HITPOINT WARNING * * *
The black bear claws you.
* * * LOW HITPOINT WARNING * * *
The black bear bites you!
* * * LOW HITPOINT WARNING * * *
The black bear claws you but does no damage.
The black bear closely misses you.
You feel better. The black bear bites you!
You die...

########..#......#......
......###...>...##.....
≈≈≈≈.# ###.....###....
..≈.# ##....####... #.≈.#
#.....##.... #.≈.#
##........... #.≈.#
#......#...>. #o≈h##
#........)... #{≈{#@#
####....!...# #o≈o#.#
#.....##.. #o≈.#.##
#.....#..#
...≈.#..######.....#...
≈≈≈≈≈.#...##.....#.##...
#......#.#..†.#########..
.#######.##.### #...
.....# #... ....### ##..


You could see a black bear (berserk) and an orc wizard (invisible).

Vanquished Creatures
  An orc priest (D:3)
  A jelly (D:4)
  2 orc wizards (D:3)
  10 gnolls
  3 adders
  33 orcs
  5 endoplasms
  3 giant cockroaches
  6 goblins
  7 hobgoblins
  7 jackals
  7 kobolds
  3 quokkas
  8 ball pythons
  6 bats
  A frilled lizard (D:1)
  2 rats (D:1)
105 creatures vanquished.

Notes
Turn   | Place    | Note
-------+----------+-------------------------------------------
     0 | D:1      | Shard1697 the Formicid Fighter began the quest for the Orb.
     0 | D:1      | Reached XP level 1. HP: 18/18 MP: 1/1
   144 | D:1      | Reached XP level 2. HP: 24/24 MP: 2/2
   164 | D:1      | Found a faded altar of an unknown god.
   176 | D:1      | Prayed at the altar of an unknown god.
   176 | D:1      | Became a worshipper of Dithmenos the Shadowed
   176 | D:1      | Reached * piety under Dithmenos
   351 | D:1      | Reached skill level 3 in Axes
   644 | D:2      | Reached XP level 3. HP: 18/29 MP: 3/3
   727 | D:2      | Reached skill level 4 in Axes
   727 | D:2      | Reached XP level 4. HP: 28/35 MP: 4/4
   810 | D:2      | Identified the +3 leather armour of Red Salvation {rElec
                  | rN+ MP+9 Dex+2}
  1041 | D:2      | Found a sparkling altar of Nemelex Xobeh.
  1525 | D:2      | Reached ** piety under Dithmenos
  1591 | D:3      | Reached XP level 5. HP: 26/41 MP: 5/5
  1713 | D:3      | Reached skill level 5 in Axes
  1907 | D:3      | Reached XP level 6. HP: 42/47 MP: 6/6
  1916 | D:3      | Reached skill level 6 in Axes
  2342 | D:4      | Reached *** piety under Dithmenos
  2645 | D:4      | Reached XP level 7. HP: 51/52 MP: 7/7
  2791 | D:4      | HP: 1/52 [black bear (7)]
  2792 | D:4      | Slain by a black bear

Illustrated notes

Levels and vault maps discovered:
D:1:      scummos_arrival_simple_fountains, layout_basic,
          ebering_ecumenical_altar_petrified
D:2:      layout_basic, basic_altar
D:3:      layout_rooms, grunt_decor_one_mirror, kennysheep_generic_room_7
D:4:      layout_cave_pools, nicolae_overflow_squiral, hangedman_decor_opposing,
          kennysheep_generic_room_16, uniq_sigmund

Skill      XL: |  1  2  3  4  5  6 |
---------------+-------------------+-----
Axes           | 3 4 5 6 |  6.7
Fighting       | |  3.4
Armour         | |  3.2
Stealth        | |  0.8
Shields        | |  4.1

Action                     |  1- 3 |  4- 6 |  7- 9 || total
---------------------------+-------+-------+-------++-------
  Melee: War axe           |    42 |   195 |    18 ||   255
    Use: Potion            |       |     2 |     1 ||     3
 Armour: Scale mail        |    13 |     5 |       ||    18
         Leather armour    |       |    80 |    14 ||    94
  Dodge: Dodged            |    22 |   127 |    23 ||   172
  Block: Buckler           |    10 |    68 |    11 ||    89

Table legend: (Time is in decaauts)
 A = Elapsed time spent in this place.
 B = Non-inter-level travel time spent in this place.
 C = Inter-level travel time spent in this place.
 D = Time resting spent in this place.
 E = Time spent auto-exploring this place.
 F = Levels seen in this place.
 G = Mean time per level.
                   A        B        C        D        E       F      G
               +--------+--------+--------+--------+--------+-----+--------+
         Total |   2859 |   2822 |     37 |    223 |   1884 |   4 |  714.8 |
       Dungeon |   2859 |   2822 |     37 |    223 |   1884 |   4 |  714.8 |
               +--------+--------+--------+--------+--------+-----+--------+

Top non-repeatable levels by time:
     D:2: 987 daAuts
     D:3: 721 daAuts
     D:1: 610 daAuts
     D:4: 540 daAuts
